 Dungeon Crawl Stone Soup version 0.22-a0-423-g4197694 (webtiles) character file.

17485 KristoblXynda the Grappler (level 12, 0/110 HPs)
             Began as a Troll Wizard on May 23, 2018.
             Was a Believer of Ashenzari.
             Slain by a troll (6 damage)
             ... on level 13 of the Dungeon.
             The game lasted 00:35:27 (12133 turns).

KristoblXynda the Grappler (Troll Wizard)          Turns: 12133, Time: 00:35:28

Health: 0/110      AC: 10    Str: 18    XL:     12   Next: 19%
Magic:  13/14      EV:  9    Int: 18    God:    Ashenzari [**....]
Gold:   824        SH:  0    Dex:  8    Spells: 5/15 levels left

rFire    . . .     SeeInvis .     - Unarmed
rCold    . . .     Gourm    +   (no shield)
rNeg     . . .     Faith    .   y - +0 troll leather armour
rPois    .         Spirit   .   w - +2 hat {MR+} (curse)
rElec    .         Reflect  .   i - +0 cloak
rCorr    +         Harm     .   (gloves unavailable)
MR       .....                  (boots unavailable)
Stlth    +.........             (no amulet)
HPRegen  1.08/turn              u - ring of resist corrosion (curse)
MPRegen  0.14/turn              (no ring)

@: vulnerable, slowed, very slow
A: large, unfitting armour, claws 3, fast metabolism 3, gourmand, regeneration
1, shaggy fur 1, tough skin 2
a: Curse Item, Scrying, Renounce Religion


You were on level 13 of the Dungeon.
You worshipped Ashenzari.
Ashenzari was pleased with you.
You were full.

You visited 2 branches of the dungeon, and saw 14 of its levels.

You collected 824 gold pieces.

Inventory:

Missiles
 h - 2 throwing nets (quivered)
Armour
 i - a +0 cloak (worn)
 w - a cursed +2 hat of magic resistance (worn)
 y - a +0 troll leather armour (worn)
Jewellery
 p - an uncursed ring of flight
 u - a cursed ring of resist corrosion (left claw)
 C - an uncursed amulet of regeneration
Scrolls
 b - a scroll of identify
 f - a scroll of amnesia
 m - a scroll of magic mapping {unknown}
 n - a scroll of immolation
 o - 2 scrolls of enchant armour
 t - a scroll of silence {unknown}
 v - 4 scrolls of remove curse
 B - 2 scrolls of brand weapon
 E - a scroll of fog {unknown}
Potions
 a - a potion of agility
 c - 2 potions of might
 e - 3 potions of invisibility
 g - a potion of mutation
 r - a potion of cancellation
 s - 2 potions of magic
 x - a potion of curing
 z - 3 potions of brilliance
Comestibles
 d - 28 rations


   Skills:
 + Level 4.8 Fighting
 - Level 1.5 Dodging
 - Level 1.0 Stealth
 + Level 12.6 Unarmed Combat
 - Level 2.0 Spellcasting
 + Level 10.5 Conjurations
 + Level 2.8 Hexes
   Level 0.6 Summonings
   Level 0.6 Translocations


You had 5 spell levels left.
You knew the following spells:

 Your Spells              Type           Power        Failure   Level  Hunger
a - Magic Dart            Conj           ####         1%          1    #......
b - Tukima's Dance        Hex            ##......     21%         3    ###....
c - Mephitic Cloud        Conj/Pois/Air  ##......     16%         3    ###....
d - Conjure Flame         Conj/Fire      ###.....     8%          3    ###....

Your spell library contained the following spells:

 Spells                   Type           Power        Failure   Level  Hunger
 Slow                     Hex            ##......     11%         2    ###....
 Confuse                  Hex            ##......     21%         3    ###....
 Throw Frost              Conj/Ice       ###...       3%          2    ###....
 Blink                    Tloc           N/A          26%         2    ###....
 Freeze                   Ice            #...         22%         1    #......
 Summon Ice Beast         Ice/Summ       #.......     88%         4    #####..
 Ozocubu's Armour         Chrm/Ice       #.......     54%         3    ###....
 Call Imp                 Summ           #.......     26%         2    ###....
 Throw Icicle             Conj/Ice       ###.....     24%         4    #####..
 Ensorcelled Hibernation  Hex/Ice        #.....       19%         2    ###....
 Corona                   Hex            ##.....      7%          1    #......
 Dazzling Spray           Conj/Hex       ####..       4%          3    ###....


Dungeon Overview and Level Annotations

Branches:
Dungeon (13/15)            Temple (1/1) D:4            Lair (0/6) D:9
    Orc (0/2) D:11
 Vaults: D:13-14

Altars:
Ashenzari
Cheibriados
Dithmenos
Elyvilon
Fedhas
Gozag
Hepliaklqana
Kikubaaqudgha
Makhleb
Nemelex Xobeh
Okawaru
Qazlal
Ru
Sif Muna
Trog
Uskayaw
Vehumet
Wu Jian
Xom
Yredelemnul
Zin
The Shining One

Portals:
Trove: D:10 (give +7 demon trident)


Innate Abilities, Weirdness & Mutations

You are too large for most types of armour.
You have claws for hands.
Your metabolism is lightning-fast.
You like to eat raw meat.
Your natural rate of healing is unusually fast.
You are covered in fur. (AC +1)
You have very tough skin. (AC +2)


Message History

The catoblepas breathes a plume of calcifying dust at you.
The blast of calcifying dust hits the wraith.
The blast of calcifying dust hits you!
* * * LOW HITPOINT WARNING * * *
A troll comes into view.
You are engulfed in calcifying dust.
The troll shouts!
Found an uncursed ring mail.
As you read the scroll labeled CEUD NICVOTSI, it crumbles to dust.
Magic quickly surges around you.
It was a scroll of vulnerability.
The wraith hits you but does no damage.
Unknown command.
You feel better. The wraith hits you!
* * * LOW HITPOINT WARNING * * *
The wraith drains your vigour!
You feel yourself slow down.
The troll is engulfed in calcifying dust.
The troll is moving more slowly.
The troll bites you.
* * * LOW HITPOINT WARNING * * *
The troll claws you.
You die...

,* * , #### * * ,..#
# *** #########.##
** .. ,,
#.....(....# , ... *
#......C(..# , ....,
#..........# , ,
.....
###ยงยง........# * ,
..[...#.W..........#
......T@#{.........#
,
......##############
*#.### * *, ,* , *
** * , ,


You could see a troll (petrifying) and a wraith.

Vanquished Creatures
  Gastronok (D:8)
  The ghost of Ratty the Fighter, a journeyman DrTm of Ru (D:12)
  3 hydras (D:12)
  A two-headed ogre (D:8)
  Erica (D:9)
  A death yak (D:10)
  The ghost of Ratty the Geomancer, a journeyman GrEE of Vehumet (D:11)
  An unseen horror (D:12)
  A cyclops (D:12)
  A manticore (D:12)
  The ghost of nikopol the Thaumaturge, a novice DEFE of Sif Muna (D:6)
  A gargoyle (D:11)
  A troll (D:10)
  The ghost of KristoblXynda the Ruffian, an amateur TrWz of Dithmenos (D:4)
  Prince Ribbit (D:8)
  A hornet (D:7)
  Grinder (D:5)
  2 hippogriffs
  A shadow (D:11)
  A wyvern (D:11)
  3 yaks (D:11)
  A hungry ghost (D:9)
  Grum (D:9)
  Menkaure (D:7)
  7 vampire mosquitoes
  A soldier ant (D:12)
  A water moccasin (D:9)
  An orc warrior (D:10)
  5 ice beasts
  An eye of draining (D:12)
  2 sky beasts
  2 phantoms
  3 wolves (D:9)
  An ogre (D:10)
  7 centaurs
  2 big kobolds (D:12)
  9 bullfrogs
  5 scorpions
  4 killer bees (D:11)
  A howler monkey (D:7)
  5 crimson imps
  5 jellies
  2 centaur zombies
  A bullfrog zombie (D:12)
  An orc priest (D:7)
  4 hounds
  3 bullfrog skeletons
  5 iguanas
  A hell rat (D:9)
  4 orc wizards
  11 worker ants
  A hound skeleton (D:5)
  A howler monkey zombie (D:7)
  3 gnolls (D:4)
  14 adders
  4 shadow imps
  8 oozes (D:4)
  4 adder skeletons
  2 worms
  4 dart slugs
  3 leopard geckos
  32 orcs
  4 giant cockroaches
  5 goblins
  9 hobgoblins
  11 jackals
  30 kobolds
  9 quokkas
  A bat (D:1)
  8 frilled lizards
  A leopard gecko skeleton (D:7)
  A quokka skeleton (D:4)
  7 rats
285 creatures vanquished.

Vanquished Creatures (collateral kills)
  Maurice (D:8)
1 creature vanquished.

Vanquished Creatures (others)
  11 fungi (D:4)
  6 toadstools (D:4)
17 creatures vanquished.

Grand Total: 303 creatures vanquished

Notes
Turn   | Place    | Note
-------+----------+-------------------------------------------
     0 | D:1      | KristoblXynda the Troll Wizard began the quest for the Orb.
     0 | D:1      | Reached XP level 1. HP: 16/16 MP: 2/2
   125 | D:1      | Reached skill level 1 in Conjurations
   204 | D:1      | Reached skill level 1 in Unarmed Combat
   207 | D:1      | Reached XP level 2. HP: 16/24 MP: 4/4
   783 | D:2      | Reached XP level 3. HP: 8/31 MP: 5/5
   902 | D:2      | Reached skill level 2 in Unarmed Combat
  1063 | D:2      | Found a basalt altar of Yredelemnul.
  1179 | D:3      | Reached XP level 4. HP: 29/39 MP: 6/6
  1807 | D:3      | Reached skill level 3 in Unarmed Combat
  1864 | D:4      | Reached XP level 5. HP: 34/45 MP: 7/7
  2043 | D:4      | Noticed KristoblXynda's ghost (amateur TrWz)
  2060 | D:4      | Killed KristoblXynda's ghost
  2060 | D:4      | Reached skill level 4 in Unarmed Combat
  2060 | D:4      | Reached XP level 6. HP: 12/53 MP: 8/8
  2780 | D:4      | Reached skill level 5 in Unarmed Combat
  2780 | D:4      | Reached XP level 7. HP: 28/59 MP: 9/9
  3163 | D:4      | Found a staircase to the Ecumenical Temple.
  3192 | Temple   | Entered the Ecumenical Temple
  3441 | Temple   | Became a worshipper of Ashenzari the Shackled
  3467 | Temple   | Learned a level 3 spell: Tukima's Dance
  4085 | D:5      | Entered Level 5 of the Dungeon
  4297 | D:5      | Reached skill level 6 in Unarmed Combat
  4306 | D:5      | Found a blossoming altar of Fedhas.
  4788 | D:5      | Noticed Grinder
  4808 | D:4      | Learned a level 3 spell: Mephitic Cloud
  5081 | D:6      | Reached XP level 8. HP: 55/67 MP: 10/10
  5115 | D:6      | Reached skill level 5 in Conjurations
  5196 | D:6      | Noticed nikopol's ghost (novice DEFE)
  5220 | D:6      | Killed nikopol's ghost
  5220 | D:6      | Reached skill level 7 in Unarmed Combat
  5379 | D:6      | Found a bloodstained altar of Trog.
  5967 | D:7      | Reached skill level 8 in Unarmed Combat
  6008 | D:7      | Noticed a hornet
  6020 | D:7      | Paralysed by a hornet for 1 turns
  6022 | D:7      | Killed a hornet
  6022 | D:7      | Reached XP level 9. HP: 61/74 MP: 11/11
  6333 | D:7      | Noticed Menkaure
  6343 | D:7      | Killed Menkaure
  6502 | D:7      | Found a white marble altar of Elyvilon.
  6553 | D:8      | Reached skill level 9 in Unarmed Combat
  6743 | D:8      | Noticed Prince Ribbit
  6922 | D:8      | Found a blossoming altar of Fedhas.
  6922 | D:8      | Found a hazy altar of Hepliaklqana.
  6923 | D:8      | Found a shadowy altar of Dithmenos.
  7051 | D:8      | Noticed a two-headed ogre
  7071 | D:8      | Killed a two-headed ogre
  7071 | D:8      | Reached skill level 10 in Unarmed Combat
  7076 | D:8      | Noticed Gastronok
  7319 | D:8      | Killed Prince Ribbit
  7319 | D:8      | Reached XP level 10. HP: 20/81 MP: 2/12
  7337 | D:8      | Noticed Maurice
  7372 | D:8      | Killed Maurice
  7591 | D:8      | Killed Gastronok
  7591 | D:8      | Reached skill level 11 in Unarmed Combat
  7617 | D:8      | Found an ornate altar of the Wu Jian Council.
  7720 | D:9      | Noticed Erica
  7747 | D:9      | Killed Erica
  7961 | D:9      | Reached * piety under Ashenzari
  7994 | D:9      | Noticed a death yak
  7995 | D:9      | Found a burning altar of Makhleb.
  7995 | D:9      | Noticed a death yak
  8005 | D:9      | Noticed Grum
  8033 | D:9      | Reached skill level 1 in Fighting
  8155 | D:10     | Entered Level 10 of the Dungeon
  8256 | D:10     | Found a portal to a secret trove of treasure.
  8657 | D:10     | Reached XP level 11. HP: 87/92 MP: 7/13
  8898 | D:11     | Found a staircase to the Orcish Mines.
  9269 | D:11     | Noticed Ratty's ghost (journeyman GrEE)
  9289 | D:11     | Killed Ratty's ghost
  9636 | D:11     | Reached skill level 12 in Unarmed Combat
 10012 | D:12     | Reached skill level 10 in Conjurations
 10118 | D:12     | Reached ** piety under Ashenzari
 10187 | D:12     | Noticed a five-headed hydra
 10197 | D:12     | Killed an unseen horror
 10553 | D:5      | Killed Grinder
 10553 | D:5      | Reached skill level 1 in Hexes
 10749 | D:9      | Killed Grum
 10868 | D:9      | Found a staircase to the Lair.
 10881 | D:9      | Noticed a death yak
 10888 | D:9      | Noticed a deep troll
 10925 | D:10     | Learned a level 3 spell: Conjure Flame
 10991 | D:10     | Killed a death yak
 11026 | D:12     | Noticed a five-headed hydra
 11053 | D:12     | Killed a seven-headed hydra
 11238 | D:12     | Noticed Ratty's ghost (journeyman DrTm)
 11254 | D:12     | Killed Ratty's ghost
 11278 | D:12     | Noticed a four-headed hydra
 11300 | D:12     | Killed an eight-headed hydra
 11300 | D:12     | Reached XP level 12. HP: 77/109 MP: 8/14
 11676 | D:12     | HP: 3/109 [six-headed hydra (13)]
 11677 | D:12     | Killed a six-headed hydra
 11965 | D:13     | Noticed a centaur warrior
 12119 | D:13     | Noticed a catoblepas
 12123 | D:13     | HP: 5/110 [cyclops/large rock (31)]
 12124 | D:13     | HP: 2/110 [catoblepas/blast of calcifying dust (4)]
 12133 | D:13     | Slain by a troll

Vault maps used:
D:1:      dpeg_arrival_tiny_g
D:2:      marbit_many_paths
D:3:      first_ration
D:4:      cheibrodos_fertilizer, temple_pool_b
D:5:      minmay_misc_feat_encased, fedhas_altar_3, uniq_grinder
D:6:      bloody_trog
D:7:      kennysheep_mini_moat, uniq_menkaure
D:8:      lemuel_coloured_pillars_altar, gammafunk_temple_overflow_forgotten,
          uniq_prince_ribbit1, uniq_gastronok, uniq_maurice
D:9:      bloody_makhleb, dpeg_lair_monsters, serial_shops, shop, uniq_grum,
          uniq_erica
D:10:     nicolae_trove_entry_free_sample
D:11:     orc_0_dummy
D:13:     lightli_vaults_fourway_checkpoint
Temple:   minmay_temple_curvy_branch

Skill      XL: |  1  2  3  4  5  6  7  8  9 10 11 |
---------------+----------------------------------+-----
Conjurations   | 1 2 3 4 6 7 9 10 | 10.5
Unarmed Combat | 1 2 3 4 5 6 8 10 11 12 | 12.6
Fighting       | 1 4 |  4.8
Hexes          | 2 |  2.8
Dodging        | |  1.5
Stealth        | |  1.0
Spellcasting   | |  2.0
Summonings     | |  0.6
Translocations | |  0.6

Action                   |  1- 3 |  4- 6 |  7- 9 | 10-12 || total
-------------------------+-------+-------+-------+-------++-------
Melee: Unarmed           |   132 |   182 |   397 |   407 ||  1118
       Punch             |       |     1 |     5 |    12 ||    18
 Cast: Magic Dart        |       |     1 |     8 |       ||     9
       Mephitic Cloud    |       |       |     4 |    11 ||    15
       Conjure Flame     |       |       |       |    12 ||    12
Invok: Curse Item        |       |       |     1 |     1 ||     2
Evoke: Wand              |       |       |       |     8 ||     8
  Use: Potion            |     1 |     4 |     2 |    11 ||    18
       Scroll            |       |     6 |     1 |    19 ||    26
 Stab: Sleeping          |       |       |     3 |     1 ||     4
       Confused          |       |       |       |     2 ||     2
  Eat: Chunk             |    16 |    15 |    39 |    46 ||   116
       Ration            |       |       |     1 |       ||     1
Armor: Robe              |    50 |    42 |   103 |    22 ||   217
       Skin              |     8 |       |    18 |    13 ||    39
       Troll leather arm |       |       |       |   162 ||   162
Dodge: Dodged            |    51 |    68 |   131 |   206 ||   456

Table legend:
 A = Spawn XP
 B = Non-spawn XP
 C = Spawn XP percentage of total XP
 D = Spawn monster count
 E = Non-spawn monster count
 F = Spawn count percentage of total count
 G = Total turns spent on level
                    A         B        C        D         E        F      G
               +---------+---------+-------+---------+---------+-------+---------
         Total |       0 |   24979 |   0.0 |       0 |     286 |   0.0 | 12133
               +---------+---------+-------+---------+---------+-------+---------
           D:1 |       0 |      34 |   0.0 |       0 |      22 |   0.0 |   641
           D:2 |       0 |      42 |   0.0 |       0 |       9 |   0.0 |   500
           D:3 |       0 |      87 |   0.0 |       0 |      30 |   0.0 |   756
           D:4 |       0 |     815 |   0.0 |       0 |      43 |   0.0 |  2082
           D:5 |       0 |     589 |   0.0 |       0 |      13 |   0.0 |   988
           D:6 |       0 |    1136 |   0.0 |       0 |      28 |   0.0 |   972
           D:7 |       0 |    1042 |   0.0 |       0 |      17 |   0.0 |   737
           D:8 |       0 |    5014 |   0.0 |       0 |      31 |   0.0 |  1141
           D:9 |       0 |    2066 |   0.0 |       0 |      14 |   0.0 |   672
          D:10 |       0 |    2068 |   0.0 |       0 |      15 |   0.0 |   849
          D:11 |       0 |    3812 |   0.0 |       0 |      21 |   0.0 |  1165
          D:12 |       0 |    7749 |   0.0 |       0 |      40 |   0.0 |  1183
          D:13 |       0 |     525 |   0.0 |       0 |       3 |   0.0 |   171
               +---------+---------+-------+---------+---------+-------+---------
